 Dungeon Crawl Stone Soup version 0.30-a0-540-g0af01429fa (webtiles) character file.

Game seed: 14070730658718023753

343 Jase the Shooter (level 6, -4/44 HPs)
             Began as a Formicid Hunter on Dec 26, 2022.
             Killed by divine providence
             ... invoked by an orc priest
              (13 damage)
             ... on level 4 of the Dungeon.
             The game lasted 00:07:25 (2929 turns).

Jase the Shooter (Formicid Hunter)                  Turns: 2929, Time: 00:07:26

Health: -4/44      AC:  6    Str: 15    XL:     6   Next: 88%
Magic:  6/6        EV: 12    Int:  9    God:
Gold:   317        SH:  0    Dex: 19    Spells: 5/5 levels left

rFire   + . .      SeeInvis +    b - +5 mace of the Special Beggars {spect, rElec rF+}
rCold   . . .      Faith    .    (no shield)
rNeg    . . .      Spirit   .    c - +0 leather armour
rPois   .          Reflect  .    (helmet unavailable)
rElec   +          Harm     .    (no cloak)
rCorr   .          Rampage  .    k - +0 pair of gloves
Will    .....                    r - +1 pair of boots
Stlth   +                        (no amulet)
HPRegen 0.27/turn                q - ring of wizardry
MPRegen 0.10/turn                (no ring)

@: confused, ambrosia-drunk
A: permanent stasis, dig shafts and tunnels, antennae 3, four strong arms
a: Dig, Shaft Self


You were on level 4 of the Dungeon.
You visited 1 branch of the dungeon, and saw 4 of its levels.

You collected 317 gold pieces.

Inventory:

Hand Weapons
 a - a +0 shortbow
 b - the +5 mace of the Special Beggars (weapon) {spect, rElec rF+}
   (You found it on level 2 of the Dungeon)

   When its wielder attacks, the weapon's spirit leaps out and strikes again.
   The spirit shares a part of any damage it takes with its wielder.
   rF:        It protects you from fire.
   rElec:     It insulates you from electricity.
Armour
 c - a +0 leather armour (worn)
 k - a +0 pair of gloves (worn)
 r - a +1 pair of boots (worn)
Jewellery
 f - a ring of fire
 q - a ring of wizardry (left hand)
Wands
 w - a wand of light (6)
Scrolls
 d - 4 scrolls of immolation
 e - 2 scrolls of vulnerability {unknown}
 g - a scroll of magic mapping {unknown}
 h - 7 scrolls of identify {unknown}
 l - 3 scrolls of teleportation {unknown}
 m - 2 scrolls of fear {unknown}
 s - a scroll of blinking {unknown}
 u - a scroll of brand weapon {unknown}
 x - a scroll of enchant armour {unknown}
Potions
 i - 2 potions of curing {unknown}
 j - a potion of ambrosia
 n - 2 potions of mutation {unknown}
 o - 2 potions of invisibility {unknown}
 p - a potion of heal wounds {unknown}
 t - 2 potions of cancellation {unknown}
 v - a potion of degeneration {unknown}


   Skills:
 - Level 2.1 Fighting
 + Level 6.5 Ranged Weapons
 - Level 2.0 Dodging
 - Level 5.0 Stealth


You had 5 spell levels left.
You didn't know any spells.
Your spell library contained the following spells:

 Spells                   Type           Power      Damage    Failure   Level
 Sting                    Tmut/Pois      0%         1d3       21%         1
 Poisonous Vapours        Pois/Air       0%         N/A       28%         2
 Gell's Gravitas          Tloc           0%         N/A       50%         3
 Teleport Other           Tloc           0%         N/A       50%         3
 Olgreb's Toxic Radiance  Pois           0%         N/A       86%         4
 Dispersal                Tloc           0%         N/A       100%        6


Dungeon Overview and Level Annotations

Branches:
Dungeon (4/15)
 Temple: D:4-7

Altars:
Dithmenos
Gozag
Ru


Innate Abilities, Weirdness & Mutations

You cannot be hasted, slowed, berserked, paralysed or teleported.
You can dig through walls and to a lower floor.
You have a pair of large antennae on your head. (SInv)
Your four strong arms can wield two-handed weapons with a shield.


Message History

Fire: a) +0 shortbow
Press: ? - help, Q - select action, (/) - cycle Shift-Dir - straight line, f - orc priest
Aim: an orc priest, wielding a +0 trident and wearing a +0 chain mail (72% to hit)
You shoot an arrow.
The arrow hits the orc priest but does no damage.
The orc priest calls down the wrath of Beogh upon you.
Pain shoots through your body!
Fire: a) +0 shortbow
Press: ? - help, Q - select action, (/) - cycle Shift-Dir - straight line, f/p - orc priest
Aim: an orc priest, wielding a +0 trident and wearing a +0 chain mail (72% to hit)
You shoot an arrow.
The arrow hits the orc priest but does no damage.
The orc priest misses you.
Fire: a) +0 shortbow
Press: ? - help, Q - select action, (/) - cycle Shift-Dir - straight line, f/p - orc priest
Aim: an orc priest, wielding a +0 trident and wearing a +0 chain mail (72% to hit)
You shoot an arrow.
The arrow hits the orc priest but does no damage.
The orc priest barely misses you.
The orc priest invokes the aid of Beogh against you.
Beogh smites you!
* * * LOW HITPOINT WARNING * * *
Fire: a) +0 shortbow
Press: ? - help, Q - select action, (/) - cycle Shift-Dir - straight line, f/p - orc priest
Aim: an orc priest, wielding a +0 trident and wearing a +0 chain mail (72% to hit)
You shoot an arrow. The arrow hits the orc priest.
The orc priest is lightly wounded.
The orc priest closely misses you.
You are confused.
You feel invigorated.
The orc priest hits you from afar with a +0 trident.
* * * LOW HITPOINT WARNING * * *
You feel a bond with the +5 mace of the Special Beggars {spect, rElec rF+}.
b - the +5 mace of the Special Beggars (weapon)
{spect, rElec rF+} You bump into the rock wall.
The orc priest hits you from afar with a +0 trident.
* * * LOW HITPOINT WARNING * * *
The orc priest invokes the aid of Beogh against you.
Beogh smites you!
You die...

........## #o ##.#
########## #. #... ...
#. #..# ### #o #..#
####### #. #..#####
#...... #.
#......###......
###)#####...............
#..oo).@................
#########............###
#..............#
#...........##..
#....)......###.
#...........# ##
#.....#######
#####.....######
###########.#........#


You could see an orc priest and an orc.

Vanquished Creatures
  A phantom (D:4)
  A scorpion (D:4)
  A hound (D:4)
  An orc wizard (D:4)
  An iguana (D:4)
  A hound zombie (D:2)
  3 adders (D:4)
  2 adder skeletons (D:2)
  A worm (D:4)
  4 orcs (D:4)
  5 ball pythons
  A bat zombie (D:2)
  6 endoplasms
  4 giant cockroaches
  7 goblins
  7 hobgoblins
  3 quokkas (D:1)
  2 ball python skeletons (D:2)
  8 bats
  3 frilled lizards
  9 kobolds
  9 rats
80 creatures vanquished.

Vanquished Creatures (others)
  8 plants (D:1)
  3 withered plants (D:2)
11 creatures vanquished.

Grand Total: 91 creatures vanquished

Notes
Turn   | Place    | Note
-------+----------+-------------------------------------------
     0 | D:1      | Jase the Formicid Hunter began the quest for the Orb.
     0 | D:1      | Reached XP level 1. HP: 16/16 MP: 1/1
    70 | D:1      | Reached XP level 2. HP: 22/22 MP: 2/2
   392 | D:1      | Reached XP level 3. HP: 27/27 MP: 3/3
  1156 | D:2      | Reached XP level 4. HP: 32/33 MP: 4/4
  1198 | D:2      | Identified the +5 mace of the Special Beggars {spect, rElec
                  | rF+}
  1728 | D:3      | Found an opulent altar of Gozag.
  2085 | D:3      | Found a faded altar of an unknown god.
  2227 | D:4      | Reached skill level 5 in Ranged Weapons
  2227 | D:4      | Reached XP level 5. HP: 34/38 MP: 5/5
  2477 | D:4      | Noticed a phantom
  2502 | D:4      | Killed a phantom
  2503 | D:4      | Reached skill level 5 in Stealth
  2503 | D:4      | Reached XP level 6. HP: 44/44 MP: 6/6
  2555 | D:4      | Reached skill level 6 in Ranged Weapons
  2634 | D:4      | Found a shadowy altar of Dithmenos.
  2634 | D:4      | Found a sacrificial altar of Ru.
  2689 | D:4      | Identified the +1 mace of Resourcefulness {vorpal, rN+
                  | Dex+2}
  2924 | D:4      | HP: 1/44 [orc priest/divine providence (14)]
  2929 | D:4      | Killed from afar by an orc priest

Illustrated notes

Levels and vault maps discovered:
D:1:      minmay_arrival_four_loops, layout_basic, serial_forest,
          infiniplex_forest_clump_curved, infiniplex_forest_lined_3_way,
          infiniplex_forest_clump_C, infiniplex_forest_lined_2,
          infiniplex_forest_clump_curved, infiniplex_forest_lined_4_way,
          infiniplex_forest_lined_ring, infiniplex_forest_clump_cross,
          minmay_circled_x
D:2:      layout_loops_ring, serial_undead, serial_undead_e, serial_undead_a,
          serial_undead_c, serial_undead_e, minmay_split_cup_small
D:3:      layout_loops_ring, mainiacjoe_overflow_six_doors_small,
          shapermc_ecumenical_altar_acropolis
D:4:      layout_basic, gammafunk_temple_overflow_elements

Skill      XL: |  1  2  3  4  5  6 |
---------------+-------------------+-----
Dodging        | 2 |  2.0
Stealth        | 2 3 4 5 |  5.0
Ranged Weapons | 5 6 |  6.5
Fighting       | |  2.1

Action                   |  1- 3 |  4- 6 || total
-------------------------+-------+-------++-------
Melee: Mace              |       |     2 ||     2
 Fire: Shortbow          |   104 |   138 ||   242
  Use: Potion            |       |     3 ||     3
Armor: Leather armour    |     8 |    30 ||    38
Dodge: Dodged            |    27 |    44 ||    71

Table legend: (Time is in decaauts)
 A = Elapsed time spent in this place.
 B = Non-inter-level travel time spent in this place.
 C = Inter-level travel time spent in this place.
 D = Time resting spent in this place.
 E = Time spent auto-exploring this place.
 F = Levels seen in this place.
 G = Mean time per level.
                   A        B        C        D        E       F      G
               +--------+--------+--------+--------+--------+-----+--------+
         Total |   2998 |   2954 |     44 |     88 |   2244 |   4 |  749.5 |
       Dungeon |   2998 |   2954 |     44 |     88 |   2244 |   4 |  749.5 |
               +--------+--------+--------+--------+--------+-----+--------+

Top non-repeatable levels by time:
     D:1: 913 daAuts
     D:4: 741 daAuts
     D:3: 675 daAuts
     D:2: 668 daAuts
